TOP OF THE 1ST |
El Dorado Oilers batting - Pitching for Orlando Calrissian : RHP Dave Heath
|
Pitching: RHP Dave Heath
|
|
Batting: RHB Nick Webb
|
0-0: Ball 1-0: Foul Ball, location: 2F 1-1: Fly out, F8 (Line Drive, 89D)
|
Batting: SHB Theron Harper
|
0-0: Ball 1-0: Fly out, F8 (Flyball, 8LS)
|
Batting: LHB Tony Abete
|
0-0: Called Strike 0-1: Swinging Strike 0-2: Ball 1-2: Strikes out swinging
|
Top of the 1st over - 0 run(s), 0 hit(s), 0 error(s), 0 left on base; El Dorado 0 - Orlando 0 |
BOTTOM OF THE 1ST |
Orlando Calrissian batting - Pitching for El Dorado Oilers : RHP Barton Johnson
|
Pitching: RHP Barton Johnson
|
|
Batting: RHB José Pérez
|
0-0: Called Strike 0-1: Ball 1-1: Ball 2-1: SINGLE (Groundball, 34D)
|
Batting: LHB Santiago Márquez
|
0-0: Called Strike 0-1: Ball 1-1: Called Strike 1-2: Ball 2-2: Ball 3-2: Strikes out looking José Pérez steals 2nd base Batter strikes out.
|
Batting: RHB Rich Anderson
|
0-0: Ball 1-0: Ball 2-0: Called Strike 2-1: Swinging Strike 2-2: Ball 3-2: Foul Ball, location: 2F 3-2: SINGLE (Groundball, 6MD) José Pérez to third Runner from 3rd tries for Home, SAFE, no throw
|
Batting: RHB Raúl Canó
|
0-0: Called Strike 0-1: Ball 1-1: Called Strike 1-2: Ball 2-2: Foul Ball, location: 2F 2-2: Grounds into double play, 6-4-3 (Groundball, 6)
|
Bottom of the 1st over - 1 run(s), 2 hit(s), 0 error(s), 0 left on base; El Dorado 0 - Orlando 1 |
TOP OF THE 2ND |
El Dorado Oilers batting - Pitching for Orlando Calrissian : RHP Dave Heath
|
Batting: RHB Valentín Borges
|
0-0: Ball 1-0: Swinging Strike 1-1: Swinging Strike 1-2: Strikes out looking
|
Batting: LHB José Hernández
|
0-0: Ball 1-0: Ball 2-0: Swinging Strike 2-1: Foul Ball, location: 2F 2-2: Foul Ball, location: 2F 2-2: SINGLE (Groundball, 34D)
|
Batting: RHB Eric Johnson
|
0-0: Ball 1-0: Ball 2-0: Swinging Strike 2-1: Foul Ball, location: 2F 2-2: Ball 3-2: Foul Ball, location: 2F 3-2: Base on Balls José Hernández to second
|
Batting: RHB Chris Parker
|
0-0: Ball 1-0: Ball 2-0: Fly out, F8 (Flyball, 89S)
|
Batting: LHB José Martínez
|
0-0: Fly out, F8 (Flyball, 78M)
|
Top of the 2nd over - 0 run(s), 1 hit(s), 0 error(s), 2 left on base; El Dorado 0 - Orlando 1 |
BOTTOM OF THE 2ND |
Orlando Calrissian batting - Pitching for El Dorado Oilers : RHP Barton Johnson
|
Batting: SHB Tim Abbott
|
0-0: Foul Ball, location: 2F 0-1: Ball 1-1: Foul Ball, location: 2F 1-2: Ground out U3 (Groundball, 3D)
|
Batting: RHB Frederico Hernández
|
0-0: Called Strike 0-1: Ball 1-1: Fly out, F8 (Flyball, 8RM)
|
Batting: RHB Júlio Negrón
|
0-0: SINGLE (Groundball, 6MD)
|
Batting: RHB Jesús Gonzáles
|
0-0: Foul Ball, location: 2F 0-1: Ball 1-1: SINGLE (Line Drive, 34D) Júlio Negrón to second
|
Batting: SHB Jaime Montés
|
0-0: Ground out U3 (Groundball, 34)
|
Bottom of the 2nd over - 0 run(s), 2 hit(s), 0 error(s), 2 left on base; El Dorado 0 - Orlando 1 |
TOP OF THE 3RD |
El Dorado Oilers batting - Pitching for Orlando Calrissian : RHP Dave Heath
|
Batting: RHB José Carlos Caraballo
|
0-0: Ground out 6-3 (Groundball, 6)
|
Batting: RHB Nick Webb
|
0-0: Swinging Strike 0-1: Swinging Strike 0-2: Fly out, F7 (Flyball, 7)
|
Batting: SHB Theron Harper
|
0-0: Ground out U3 (Groundball, 3)
|
Top of the 3rd over - 0 run(s), 0 hit(s), 0 error(s), 0 left on base; El Dorado 0 - Orlando 1 |
BOTTOM OF THE 3RD |
Orlando Calrissian batting - Pitching for El Dorado Oilers : RHP Barton Johnson
|
Batting: RHB José Pérez
|
0-0: Called Strike 0-1: Ground out 6-3 (Groundball, 6)
|
Batting: LHB Santiago Márquez
|
0-0: Called Strike 0-1: Ball 1-1: Ball 2-1: Ball 3-1: Fly out, F9 (Flyball, 9)
|
Batting: RHB Rich Anderson
|
0-0: SINGLE (Line Drive, 6)
|
Batting: RHB Raúl Canó
|
0-0: Ball 1-0: Ball 2-0: Called Strike 2-1: Swinging Strike 2-2: Fielders Choice at 2nd, 5-4 (Groundball, 5)
|
Bottom of the 3rd over - 0 run(s), 1 hit(s), 0 error(s), 0 left on base; El Dorado 0 - Orlando 1 |
TOP OF THE 4TH |
El Dorado Oilers batting - Pitching for Orlando Calrissian : RHP Dave Heath
|
Batting: LHB Tony Abete
|
0-0: Ball 1-0: Fly out, F4 (Popup, 4)
|
Batting: RHB Valentín Borges
|
0-0: Ball 1-0: Foul Ball, location: 2F 1-1: Ball 2-1: Fly out, F8 (Flyball, 8RS)
|
Batting: LHB José Hernández
|
0-0: Ball 1-0: Foul Ball, location: 2F 1-1: Swinging Strike 1-2: SINGLE (Flyball, 3D)
|
Batting: RHB Eric Johnson
|
0-0: Ball 1-0: Called Strike 1-1: DOUBLE (Line Drive, 89M) José Hernández to third
|
Batting: RHB Chris Parker
|
0-0: Ball 1-0: Fly out, F3 (Popup, 34)
|
Top of the 4th over - 0 run(s), 2 hit(s), 0 error(s), 2 left on base; El Dorado 0 - Orlando 1 |
BOTTOM OF THE 4TH |
Orlando Calrissian batting - Pitching for El Dorado Oilers : RHP Barton Johnson
|
Batting: SHB Tim Abbott
|
0-0: Called Strike 0-1: SINGLE (Flyball, 7S)
|
Batting: RHB Frederico Hernández
|
0-0: Fly out, F6 (Line Drive, 6)
|
Batting: RHB Júlio Negrón
|
0-0: Ball 1-0: Ball 2-0: Called Strike 2-1: Ball 3-1: Base on Balls Tim Abbott to second
|
Batting: RHB Jesús Gonzáles
|
0-0: Called Strike 0-1: Foul Ball, location: 2F 0-2: Ball 1-2: Grounds into double play, 4-6-3 (Groundball, 4)
|
Bottom of the 4th over - 0 run(s), 1 hit(s), 0 error(s), 1 left on base; El Dorado 0 - Orlando 1 |
TOP OF THE 5TH |
El Dorado Oilers batting - Pitching for Orlando Calrissian : RHP Dave Heath
|
Batting: LHB José Martínez
|
0-0: Ball 1-0: Fly out, F5 (Popup, 5D)
|
Batting: RHB José Carlos Caraballo
|
0-0: Ball 1-0: Called Strike 1-1: SINGLE (Line Drive, 7S)
|
Batting: RHB Nick Webb
|
0-0: Ball 1-0: Foul Ball, location: 2F 1-1: Ball 2-1: Hit by Pitch José Carlos Caraballo to second
|
Batting: SHB Theron Harper
|
0-0: Ball 1-0: Foul Ball, location: 2F 1-1: Foul Ball, location: 2F 1-2: Ball 2-2: Fly out, F7 (Flyball, 78S)
|
Batting: LHB Tony Abete
|
0-0: Ball 1-0: Foul Ball, location: 2F 1-1: Ball 2-1: Fly out, F9 (Flyball, 9S)
|
Top of the 5th over - 0 run(s), 1 hit(s), 0 error(s), 2 left on base; El Dorado 0 - Orlando 1 |
BOTTOM OF THE 5TH |
Orlando Calrissian batting - Pitching for El Dorado Oilers : RHP Barton Johnson
|
Batting: SHB Jaime Montés
|
0-0: Ball 1-0: Swinging Strike 1-1: Foul Ball, location: 2F 1-2: Ball 2-2: Ball 3-2: Base on Balls
|
Batting: RHB José Pérez
|
0-0: Ball 1-0: Called Strike 1-1: Foul Ball, location: 2F 1-2: Ball 2-2: Fly out, F3 (Popup, 3S)
|
Batting: LHB Santiago Márquez
|
0-0: Ball 1-0: Ball 2-0: Called Strike 2-1: Foul Ball, location: 2F 2-2: Foul Ball, location: 2F 2-2: Ball 3-2: Strikes out looking
|
Batting: RHB Rich Anderson
|
0-0: Foul Ball, location: 2F 0-1: Swinging Strike 0-2: Ball 1-2: Fly out, F6 (Flyball, 6MD)
|
Bottom of the 5th over - 0 run(s), 0 hit(s), 0 error(s), 1 left on base; El Dorado 0 - Orlando 1 |
TOP OF THE 6TH |
El Dorado Oilers batting - Pitching for Orlando Calrissian : RHP Dave Heath
|
Batting: RHB Valentín Borges
|
0-0: Called Strike 0-1: Ball 1-1: Fly out, F9 (Flyball, 89D)
|
Batting: LHB José Hernández
|
0-0: Ball 1-0: Called Strike 1-1: Ball 2-1: DOUBLE (Flyball, 8RXD)
|
Batting: RHB Eric Johnson
|
0-0: Called Strike 0-1: Foul Ball, location: 2F 0-2: Ball 1-2: Ball 2-2: Fly out, F9 (Flyball, 9)
|
Batting: RHB Chris Parker
|
0-0: Called Strike 0-1: Fly out, F9 (Flyball, 89M)
|
Top of the 6th over - 0 run(s), 1 hit(s), 0 error(s), 1 left on base; El Dorado 0 - Orlando 1 |
BOTTOM OF THE 6TH |
Orlando Calrissian batting - Pitching for El Dorado Oilers : RHP Barton Johnson
|
Batting: RHB Raúl Canó
|
0-0: Ball 1-0: Ball 2-0: Called Strike 2-1: Called Strike 2-2: SINGLE (Flyball, 89S)
|
Batting: SHB Tim Abbott
|
0-0: Foul Ball, location: 2F 0-1: Swinging Strike 0-2: Ball 1-2: Ball 2-2: Strikes out looking
|
Batting: RHB Frederico Hernández
|
0-0: Foul Ball, location: 2F 0-1: Ball 1-1: Fly out, F6 (Line Drive, 6)
|
Batting: RHB Júlio Negrón
|
0-0: Foul Ball, location: 2F 0-1: Swinging Strike 0-2: Foul Ball, location: 2F 0-2: Ball 1-2: SINGLE (Groundball, 6MD) Raúl Canó to second
|
Batting: RHB Jesús Gonzáles
|
0-0: Called Strike 0-1: Foul Ball, location: 2F 0-2: Fly out, F4 (Line Drive, 4M)
|
Bottom of the 6th over - 0 run(s), 2 hit(s), 0 error(s), 2 left on base; El Dorado 0 - Orlando 1 |
TOP OF THE 7TH |
El Dorado Oilers batting - Pitching for Orlando Calrissian : RHP Dave Heath
|
Batting: LHB José Martínez
|
0-0: Fly out, F8 (Flyball, 78D)
|
Batting: RHB José Carlos Caraballo
|
0-0: Foul Ball, location: 2F 0-1: Swinging Strike 0-2: SINGLE (Line Drive, 8LS)
|
Batting: RHB Nick Webb
|
0-0: Ball 1-0: Swinging Strike 1-1: Ball 2-1: Foul Ball, location: 2F 2-2: Ball 3-2: Base on Balls José Carlos Caraballo to second
|
Batting: SHB Theron Harper
|
0-0: Ball 1-0: Foul Ball, location: 2F 1-1: Ball 2-1: Swinging Strike 2-2: SINGLE (Groundball, 56D) José Carlos Caraballo to third Nick Webb to second Runner from 3rd tries for Home, SAFE, no throw
|
Batting: LHB Tony Abete
|
0-0: Ball 1-0: Ball 2-0: Fly out, F8 (Flyball, 8RXD) Runner from 2nd tags up, SAFE at 3rd, no throw
|
Batting: RHB Valentín Borges
|
0-0: Reached on error, E9 (Flyball, 89M) Nick Webb scores Theron Harper to third
|
Batting: LHB José Hernández
|
0-0: Ground out 4-3 (Groundball, 4)
|
Top of the 7th over - 2 run(s), 2 hit(s), 1 error(s), 2 left on base; El Dorado 2 - Orlando 1 |
BOTTOM OF THE 7TH |
Orlando Calrissian batting - Pitching for El Dorado Oilers : RHP Barton Johnson
|
Pitching: RHP Mitch Brown
|
|
Batting: SHB Jaime Montés
|
0-0: Ball 1-0: Ball 2-0: Ball 3-0: Foul Ball, location: 2F 3-1: Swinging Strike 3-2: Base on Balls
|
Batting: RHB José Pérez
|
0-0: Bunted foul 0-1: Sac Bunt - play at first, batter OUT! 1-4 Jaime Montés to second
|
Batting: LHB Santiago Márquez
|
0-0: Called Strike 0-1: Foul Ball, location: 2F 0-2: Ball 1-2: Strikes out swinging
|
Batting: RHB Rich Anderson
|
0-0: Ball 1-0: Ball 2-0: Ball 3-0: Base on Balls
|
Batting: RHB Raúl Canó
|
0-0: Ground out 3-1 (Groundball, 34)
|
Bottom of the 7th over - 0 run(s), 0 hit(s), 0 error(s), 2 left on base; El Dorado 2 - Orlando 1 |
TOP OF THE 8TH |
El Dorado Oilers batting - Pitching for Orlando Calrissian : RHP Dave Heath
|
Pitching: LHP Mike Murray
|
|
Batting: RHB Eric Johnson
|
0-0: Ball 1-0: Ground out 5-3 (Groundball, 56S)
|
Batting: RHB Chris Parker
|
0-0: Ball 1-0: Ball 2-0: Ball 3-0: Ground out 5-3 (Groundball, 56)
|
Batting: LHB José Martínez
|
0-0: Ball 1-0: Called Strike 1-1: SINGLE (Line Drive, 56D)
|
Batting: RHB José Carlos Caraballo
|
0-0: SINGLE (Flyball, 89S) José Martínez to second Runner from 2nd tries for 3rd, SAFE, throw made to third
|
Batting: RHB Nick Webb
|
0-0: Called Strike 0-1: Ball 1-1: Ball 2-1: Ball 3-1: Ground out 4-3 (Groundball, 4M)
|
Top of the 8th over - 0 run(s), 2 hit(s), 0 error(s), 2 left on base; El Dorado 2 - Orlando 1 |
BOTTOM OF THE 8TH |
Orlando Calrissian batting - Pitching for El Dorado Oilers : RHP Mitch Brown
|
Pitching: RHP Rick Grant
|
|
Batting: SHB Tim Abbott
|
0-0: Ground out 4-3 (Groundball, 4)
|
Batting: RHB Frederico Hernández
|
0-0: Ball 1-0: Fly out, F9 (Flyball, 9)
|
Batting: RHB Júlio Negrón
|
0-0: Fly out, F8 (Flyball, 8RM)
|
Bottom of the 8th over - 0 run(s), 0 hit(s), 0 error(s), 0 left on base; El Dorado 2 - Orlando 1 |
TOP OF THE 9TH |
El Dorado Oilers batting - Pitching for Orlando Calrissian : LHP Mike Murray
|
Pitching: LHP Xavier Velázquez
|
|
Batting: SHB Theron Harper
|
0-0: Called Strike 0-1: Ball 1-1: Foul Ball, location: 2F 1-2: Ball 2-2: Ball 3-2: Strikes out swinging
|
Batting: LHB Tony Abete
|
0-0: SINGLE (Line Drive, 4MD)
|
Batting: RHB Valentín Borges
|
0-0: Called Strike 0-1: Grounds into double play, 4-6-3 (Groundball, 4)
|
Top of the 9th over - 0 run(s), 1 hit(s), 0 error(s), 0 left on base; El Dorado 2 - Orlando 1 |
BOTTOM OF THE 9TH |
Orlando Calrissian batting - Pitching for El Dorado Oilers : RHP Rick Grant
|
Pitching: RHP Craig Draper
|
|
Pinch Hitting: SHB Cristo Ontiveros
|
0-0: Ball 1-0: Ball 2-0: Ground out 4-3 (Groundball, 4D)
|
Batting: SHB Jaime Montés
|
0-0: Swinging Strike 0-1: Foul Ball, location: 2F 0-2: Ball 1-2: Ball 2-2: Foul Ball, location: 2F 2-2: Ball 3-2: Base on Balls
|
Batting: RHB José Pérez
|
0-0: Fielders Choice at 2nd, 6-4 (Groundball, 56)
|
Batting: LHB Santiago Márquez
|
0-0: Ball 1-0: Swinging Strike 1-1: Ball 2-1: Swinging Strike 2-2: Foul Ball, location: 2F 2-2: Strikes out swinging
|
Bottom of the 9th over - 0 run(s), 0 hit(s), 0 error(s), 1 left on base; El Dorado 2 - Orlando 1 |
|